 Dungeon Crawl Stone Soup version 0.30-a0-939-gc8157cb160 (webtiles) character file.

Game seed: 4826063568554889435

278 voltaire321 the Digger (level 6, -1/39 HPs)
             Began as an Octopode Earth Elementalist on Mar 25, 2023.
             Slain by a steam dragon (4 damage)
             ... on level 4 of the Dungeon.
             The game lasted 00:07:02 (2738 turns).

voltaire321 the Digger (OpEE)                       Turns: 2738, Time: 00:07:03

Health: -1/39      AC:  1    Str:  2    XL:     6   Next: 26%
Magic:  19/19      EV: 13    Int: 27    God:
Gold:   195        SH:  0    Dex: 13    Spells: 4/10 levels left

rFire   . . .      SeeInvis +    q - +12 spear of the Loving Messenger {drain, MP+9 Str-5 Int+2}
rCold   . . .      Faith    .    (no shield)
rNeg    . . .      Spirit   .    (helmet restricted)
rPois   .          Reflect  .    g - amulet of regeneration
rElec   .          Rampage  .    c - +6 ring of intelligence
rCorr   .                        n - ring of see invisible
Will    .....                    (no ring)
Stlth   +++                      (no ring)
HPRegen 1.06/turn                (no ring)
MPRegen 0.16/turn                (no ring)
                                 (no ring)
                                 (no ring)

@: no status effects
A: almost no armour, amphibious, 8 rings, camouflage 1, gelatinous body 1,
(nimble swimmer 1), tentacles
a: no special abilities


You were on level 4 of the Dungeon.
You visited 1 branch of the dungeon, and saw 4 of its levels.

You collected 195 gold pieces.

Inventory:

Hand Weapons
 d - a +0 dagger
 e - a +1 dagger of venom
 q - the +12 spear of the Loving Messenger (weapon) {drain, MP+9 Str-5 Int+2}
   (You found it on level 4 of the Dungeon)

   Str:       It affects your strength (-5).
   Int:       It affects your intelligence (+2).
   MP:        It affects your magic capacity (+9).
Jewellery
 c - a +6 ring of intelligence (left tentacle)
 f - an amulet of the acrobat
 g - an amulet of regeneration (around mantle)
 n - a ring of see invisible (right tentacle)
Scrolls
 i - 6 scrolls of identify {unknown}
 k - a scroll of immolation {unknown}
 l - a scroll of fear {unknown}
 p - a scroll of enchant armour {unknown}
Potions
 a - a potion of magic
 b - 2 potions of curing {unknown}
 h - a potion of invisibility {unknown}
 j - a potion of might {unknown}
 m - a potion of cancellation {unknown}
 o - a potion of mutation {unknown}


   Skills:
 + Level 2.0 Fighting
 + Level 2.9 Dodging
 + Level 3.8 Stealth
 + Level 2.7 Spellcasting
 * Level 2.0 Conjurations
 + Level 2.3 Transmutations
 * Level 4.0 Earth Magic


You had 4 spell levels left.
You knew the following spells:

 Your Spells              Type           Power      Damage    Failure   Level
a - Sandblast             Erth           50%        2d12      1%          1
b - Passwall              Tmut/Erth      16%        N/A       3%          2
c - Stone Arrow           Conj/Erth      40%        3d9       8%          3

Your spell library contained the following spells:

 Spells                   Type           Power      Damage    Failure   Level
 Sting                    Tmut/Pois      36%        1d4       6%          1
 Poisonous Vapours        Pois/Air       6%         N/A       14%         2
 Dazzling Flash           Conj/Hex       18%        N/A       19%         3
 Petrify                  Tmut/Erth      20%        N/A       24%         4
 Fulminant Prism          Conj/Hex       4%         3d5       52%         4
 Olgreb's Toxic Radiance  Pois           3%         N/A       65%         4
 Borgnjor's Vile Clutch   Necr/Erth      7%         N/A       73%         5
 Silence                  Hex/Air        1%         N/A       94%         5


Dungeon Overview and Level Annotations

Branches:
Dungeon (4/15)
 Temple: D:4-7

Altars:

Annotations:
D:2 1 runed translucent door, Crazy Yiuf


Innate Abilities, Weirdness & Mutations

You cannot wear most types of armour.
You are amphibious.
You can wear up to eight rings at the same time.
Your skin changes colour to match your surroundings (Stealth+).
Your rubbery body absorbs attacks. (AC +1, EV +1)
((You are camouflaged when in or above water. (Stealth+)))
You have tentacles for arms and can constrict up to eight enemies at once.


Message History

The blast of sand hits the iguana but does no damage.
The iguana barely misses you.
You puncture the iguana! You grab the iguana.
The iguana is severely wounded.
You constrict the iguana, but do no damage.
The iguana bites you!
You hit the iguana.
The iguana is severely wounded.
You constrict the iguana, but do no damage.
The iguana barely misses you.
You completely miss the iguana.
The iguana is severely wounded.
You constrict the iguana, but do no damage.
The iguana barely misses you.
You hit the iguana but do no damage.
The iguana is severely wounded.
You constrict the iguana, but do no damage.
The iguana bites you.
You hit the iguana but do no damage.
The iguana is severely wounded.
You constrict the iguana, but do no damage.
The iguana closely misses you.
You hit the iguana but do no damage. You drain the iguana.
You squeeze the iguana, but do no damage.
The iguana is almost dead.
You constrict the iguana, but do no damage.
The iguana barely misses you.
You hit the iguana.
The iguana is almost dead.
You constrict the iguana, but do no damage.
The iguana barely misses you.
You hit the iguana.
You kill the iguana!
The steam dragon breathes steam at you. The ball of steam hits you!
Your Conjurations skill increases to level 2!
You are engulfed in a cloud of scalding steam.
* * * LOW HITPOINT WARNING * * *
The steam dragon misses you. The steam dragon claws you.
You die...

D....?... ........#
#........ #........
#........ ###
#####l....... ..#
#...........# #.#
#D########### #.#
#@# #.# #§# ### #.#
#§# #####'####.# #§#
...........#####.###
...................#
...................#
######....)........#
#.............#


You could see a steam dragon (catching breath).

Vanquished Creatures
  A scorpion (D:3)
  A hound (D:4)
  An iguana (D:4)
  A sleepcap (D:4)
  Robin (D:2)
  3 adders
  A dart slug (D:4)
  3 orcs (D:3)
  7 endoplasms
  3 giant cockroaches
  13 goblins
  9 hobgoblins
  2 jackals (D:3)
  4 quokkas
  7 ball pythons
  2 bats
  2 frilled lizards
  5 kobolds
  22 rats
88 creatures vanquished.

Notes
Turn   | Place    | Note
-------+----------+-------------------------------------------
     0 | D:1      | voltaire321 the Octopode Earth Elementalist began the quest
                  | for the Orb.
     0 | D:1      | Reached XP level 1. HP: 11/11 MP: 3/3
   139 | D:1      | Reached XP level 2. HP: 6/18 MP: 3/5
   288 | D:1      | Learned a level 2 spell: Passwall
   779 | D:2      | Reached XP level 3. HP: 22/22 MP: 4/6
   782 | D:2      | Reached skill level 1 in Fighting
   860 | D:2      | Learned a level 3 spell: Stone Arrow
  1014 | D:2      | Noticed Robin
  1024 | D:2      | Reached XP level 4. HP: 9/28 MP: 2/7
  1030 | D:2      | Killed Robin
  1042 | D:2      | Reached skill level 1 in Conjurations
  1302 | D:2      | Found a runed translucent door.
  1303 | D:2      | Noticed Crazy Yiuf
  1485 | D:2      | Found a faded altar of an unknown god.
  1729 | D:3      | Got the Codex of the Rocks and Maleficia
  1860 | D:3      | Noticed a scorpion
  1867 | D:3      | Killed a scorpion
  1868 | D:3      | Reached XP level 5. HP: 27/33 MP: 4/8
  2606 | D:4      | Reached skill level 4 in Earth Magic
  2606 | D:4      | Reached XP level 6. HP: 39/39 MP: 7/10
  2646 | D:4      | Identified the +12 spear of the Loving Messenger {drain,
                  | MP+9 Str-5 Int+2}
  2720 | D:4      | Noticed a steam dragon
  2738 | D:4      | Slain by a steam dragon

Illustrated notes

Levels and vault maps discovered:
D:1:      minmay_arrival_loop, layout_basic
D:2:      layout_loops_ring, ebering_ecumenical_altar_rust,
          chequers_serial_rivers_small_3, uniq_crazy_yiuf_cottage, uniq_robin
D:3:      layout_loops_cross, supply_closet_lemuel, minmay_rat_hole
D:4:      layout_basic, kennysheep_mini

Skill      XL: |  1  2  3  4  5  6 |
---------------+-------------------+-----
Fighting       | 1 2 |  2.0
Stealth        | 3 |  3.8
Conjurations   | 1 2 |  2.0
Transmutations | 2 |  2.3
Earth Magic    | 4 |  4.0
Dodging        | |  2.9
Spellcasting   | |  2.7

Action                     |  1- 3 |  4- 6 || total
---------------------------+-------+-------++-------
  Melee: Dagger            |    19 |    69 ||    88
         Constrict         |     7 |    20 ||    27
         Tentacles         |     2 |    14 ||    16
         Punch             |       |     1 ||     1
         Spear             |       |     8 ||     8
   Cast: Sandblast         |    30 |    28 ||    58
   Stab: Sleeping          |     1 |     3 ||     4
 Armour: Skin              |       |     5 ||     5
  Dodge: Dodged            |    12 |    54 ||    66

Table legend: (Time is in decaauts)
 A = Elapsed time spent in this place.
 B = Non-inter-level travel time spent in this place.
 C = Inter-level travel time spent in this place.
 D = Time resting spent in this place.
 E = Time spent auto-exploring this place.
 F = Levels seen in this place.
 G = Mean time per level.
                   A        B        C        D        E       F      G
               +--------+--------+--------+--------+--------+-----+--------+
         Total |   2765 |   2710 |     55 |    348 |   1786 |   4 |  691.2 |
       Dungeon |   2765 |   2710 |     55 |    348 |   1786 |   4 |  691.2 |
               +--------+--------+--------+--------+--------+-----+--------+

Top non-repeatable levels by time:
     D:2: 947 daAuts
     D:3: 786 daAuts
     D:1: 784 daAuts
     D:4: 246 daAuts
